 Dungeon Crawl Stone Soup version 0.29.1-2-gbd0b4ee654 (webtiles) character file.

Game seed: 15126573555655508000

72 MisterFreud the Twirler (level 4, -4/33 HPs)
             Began as a Formicid Gladiator on Oct 28, 2022.
             Killed by an exploding kobold (23 damage)
             ... ignited by their inner flame
             ... on level 3 of the Dungeon.
             The game lasted 00:01:56 (1827 turns).

MisterFreud the Twirler (Formicid Gladiator)        Turns: 1827, Time: 00:01:57

Health: -4/33      AC:  3    Str: 21    XL:     4   Next: 50%
Magic:  4/4        EV: 12    Int:  7    God:
Gold:   108        SH:  0    Dex: 17    Spells: 3/3 levels left

rFire   . . .      SeeInvis +   a - +0 quarterstaff
rCold   x . .      Faith    .   (no shield)
rNeg    . . .      Spirit   .   b - +0 leather armour
rPois   +          Reflect  .   (helmet unavailable)
rElec   .          Harm     .   (no cloak)
rCorr   .          Rampage  .   (no gloves)
Will    .....                   (no boots)
Stlth   +.........              o - amulet of the Cast Vote {Acrobat +Inv rPois rC- Dex+2}
HPRegen 0.11/turn               (no ring)
MPRegen 0.09/turn               (no ring)

@: weak-willed
A: permanent stasis, dig shafts and tunnels, antennae 3, four strong arms
a: Dig, Shaft Self, Evoke Invisibility


You were on level 3 of the Dungeon.
You visited 1 branch of the dungeon, and saw 3 of its levels.

You collected 108 gold pieces.

Inventory:

Hand Weapons
 a - a +0 quarterstaff (weapon)
Missiles
 c - 3 throwing nets (quivered)
 d - a javelin
 e - 6 boomerangs
 j - 11 poisoned darts
Armour
 b - a +0 leather armour (worn)
Jewellery
 i - a ring of wizardry
 o - the amulet of the Cast Vote (around neck) {Acrobat +Inv rPois rC- Dex+2}
   (You found it on level 2 of the Dungeon)

   [amulet of the acrobat]

   It increases your evasion while moving and waiting.
   Dex:       It affects your dexterity (+2).
   rC:        It makes you vulnerable to cold.
   rPois:     It protects you from poison.
   +Inv:      It lets you turn invisible.
Potions
 f - a potion of curing {unknown}
 g - a potion of ambrosia {unknown}
 k - 2 potions of brilliance
 p - a potion of heal wounds {unknown}


   Skills:
 - Level 2.1 Fighting
 + Level 5.0 Staves
 - Level 2.0 Throwing
 - Level 2.6 Dodging


You had 3 spell levels left.
You didn't know any spells.
Your spell library contained the following spells:

 Spells                   Type           Power      Damage    Failure   Level
 Foxfire                  Conj/Fire      0%         2x1d4     47%         1
 Conjure Flame            Conj/Fire      0%         6-21      85%         3
 Ignite Poison            Fire/Tmut/Pois 0%         N/A       85%         3
 Inner Flame              Hex/Fire       0%         N/A       85%         3
 Flame Wave               Conj/Fire      0%         2d4       99%         4
 Sticky Flame             Conj/Fire      0%         2d3       99%         4


Dungeon Overview and Level Annotations

Branches:
Dungeon (3/15)

Altars:

Shops:
D:1 =   D:2 (


Innate Abilities, Weirdness & Mutations

You cannot be hasted, slowed, berserked, paralysed or teleported.
You can dig through walls and to a lower floor.
You have a pair of large antennae on your head. (SInv)
Your four strong arms can wield two-handed weapons with a shield.


Message History

A quokka is nearby!
You hit the quokka.
You kill the quokka!
Your Staves skill increases to level 5!
You see here a quokka corpse.
r - a scroll labelled UGHIOH TAIDDU No target in view!
You now have 94 gold pieces (gained 12).
You now have 108 gold pieces (gained 14).
You sense a monster nearby.
No target in view!
A ball python comes into view.
You see here 5 poisoned darts.
A ball python is nearby!
The ball python hisses angrily.
A ball python is nearby!
You hit the ball python.
You kill the ball python!
j - 11 poisoned darts (gained 5) No target in view!
A kobold comes into view. It is wielding a +0 short sword.
The kobold shouts!
As you read the scroll labelled LOCERI MURU, it crumbles to dust.
Magic quickly surges around you.
It was a scroll of vulnerability.
As you read the scroll of identify, it crumbles to dust.
h - 2 potions of attraction
As you read the scroll labelled GIAQATHR QAHI, it crumbles to dust.
The creatures around you are filled with an inner flame!
It was a scroll of immolation.
As you read the scroll labelled UGHIOH TAIDDU, it crumbles to dust.
Your body is wracked with pain!
It was a scroll of torment.
You drop 2 potions of attraction.
You drop 2 scrolls of teleportation.
The kobold closely misses you.
You drop a scroll of immolation.
The kobold closely misses you.
A kobold is nearby!
You hit the kobold.
The kobold explodes!
The fiery explosion engulfs you!!
Ouch! That really hurt!
You die...

#..[......##.#..###.......#.....#
#...######...#......>.....#.....#
#...# #.#####...##########.###
#...#### #...#.....# #.#
##.###.#####.#..†..# #######.#
#.##...#..........# #.......#
#...)....##.......####.#######
#.###...#.##............#
...###.##.##..§.@.#######
..#...........§§###
...##...#..###§§# #.
#...#.......# .# #..>.....#.## #
....##..#.#.# .##......#.#.# #
#####...... ####.##


There were no monsters in sight!

Vanquished Creatures
  2 adders (D:2)
  A dart slug (D:1)
  3 orcs (D:3)
  9 ball pythons
  5 bats
  2 endoplasms
  A giant cockroach (D:1)
  A hobgoblin (D:1)
  7 kobolds
  6 quokkas
  2 frilled lizards
  3 goblins (D:1)
  3 rats
45 creatures vanquished.

Notes
Turn   | Place    | Note
-------+----------+-------------------------------------------
     0 | D:1      | MisterFreud the Formicid Gladiator began the quest for the
                  | Orb.
     0 | D:1      | Reached XP level 1. HP: 16/16 MP: 1/1
    20 | D:1      | Found a faded altar of an unknown god.
   139 | D:1      | You fall into a shaft and drop 1 floor!
   160 | D:1      | Reached XP level 2. HP: 22/22 MP: 2/2
   430 | D:1      | Found Buaxebaj's Jewellery Emporium.
   551 | D:1      | Reached skill level 4 in Staves
   551 | D:1      | Reached XP level 3. HP: 27/27 MP: 3/3
  1131 | D:2      | Found Ixucep's Weapon Shop.
  1307 | D:2      | Identified the amulet of the Cast Vote {Acrobat +Inv rPois
                  | rC- Dex+2}
  1419 | D:2      | Reached XP level 4. HP: 32/33 MP: 4/4
  1722 | D:3      | Reached skill level 5 in Staves
  1827 | D:3      | Killed by an exploding kobold... ignited by their inner
                  | flame

Illustrated notes

Levels and vault maps discovered:
D:1:      psy_arrival_statuary, layout_rooms, shapermc_ecumenical_altar_venn,
          serial_shops, shop_statue
D:2:      layout_basic, serial_shops, nicolae_shop_bloodbath_and_beyond,
          chequers_arboretum
D:3:      layout_loops_cross, mainiacjoe_overflow_tiny_flanked

Skill      XL: |  1  2  3  4 |
---------------+-------------+-----
Staves         | 4 5 |  5.0
Fighting       | |  2.1
Throwing       | |  2.0
Dodging        | |  2.6

Action                   |  1- 3 |  4- 6 || total
-------------------------+-------+-------++-------
Melee: Quarterstaff      |    82 |    17 ||    99
  Use: Scroll            |     3 |     4 ||     7
 Stab: Sleeping          |     2 |       ||     2
Armor: Leather armour    |    41 |     2 ||    43
Dodge: Dodged            |    56 |    14 ||    70
